[Event "Titled Tuesday Blitz August 1 Early 2023"]
[White "Preotu, Razvan"]
[Black "Kleiman, Jake"]
[WhiteFideId "2613280"]
[BlackFideId "2020041"]
[WhiteElo "2736"]
[BlackElo "2514"]
[Result "0-1"]
[Round "5"]
[TimeControl "180+1"]
[Date "2023.08.01"]
[WhiteClock "0:00:00"]
[BlackClock "0:00:35"]
[Board "55"]

1. e4 e5 2. Nf3 Nc6 3. Bc4 Bc5 4. c3 Nf6 5. d3 O-O 6. O-O d5 7. exd5 Nxd5 8. Re1 Nb6 9. Bb3 Re8 10. Ng5 Be6 11. Nxe6 fxe6 12. Be3 Bxe3 13. Rxe3 Nd5 14. Re4 Nf4 15. d4 Qg5 16. Qf3 Rf8 17. Na3 exd4 18. Qg3 Qf5 19. Rae1 dxc3 20. Rxe6 Kh8 21. R6e3 cxb2 22. Bc2 Qc5 23. Qh4 h6 24. Rf3 Nd4 25. Rxf4 Rxf4 26. Qxf4 Nxc2 27. Nxc2 Qxc2 28. Qb4 Rd8 29. g3 Qc1 30. Kg2 c5 31. Qa5 b6 0-1


[Site "https://www.chess.com"]

[Event "Titled Tuesday Blitz August 1 Early 2023"]
[White "Javakhadze, Zurab"]
[Black "Keleberda, Tymur"]
[WhiteFideId "13603647"]
[BlackFideId "14174294"]
[WhiteElo "2734"]
[BlackElo "2530"]
[Result "1/2-1/2"]
[Round "5"]
[TimeControl "180+1"]
[Date "2023.08.01"]
[WhiteClock "0:00:04"]
[BlackClock "0:00:06"]
[Board "56"]

1. Nf3 Nf6 2. g3 d5 3. Bg2 e6 4. O-O Be7 5. c4 dxc4 6. Qa4+ Nbd7 7. Qxc4 a6 8. Qc2 c5 9. Rd1 Nd5 10. d4 b5 11. dxc5 Bxc5 12. e4 N5f6 13. Bg5 Qb6 14. Nc3 Bb7 15. a4 h6 16. Bf4 O-O 17. h3 Rfc8 18. axb5 axb5 19. Rxa8 Bxa8 20. Ne5 Bd4 21. Nxd7 Nxd7 22. Qd2 e5 23. Be3 Bxe3 24. Qxe3 Qxe3 25. fxe3 Nf6 26. Nxb5 Rb8 27. Nc3 Bc6 28. Rd6 Bd7 29. Rd2 Rb3 30. Kf2 Kf8 31. Nd5 Ne8 32. g4 Be6 33. Nc3 Ke7 34. Bf3 Nd6 35. Nd5+ Kf8 36. Rc2 g6 37. Ke2 Bd7 38. Kd2 Bb5 39. Kc1 Bd3 40. Rc3 Rxc3+ 41. Nxc3 Nc4 42. b3 Nd6 43. Kd2 Bf1 44. h4 Ke7 45. Nd5+ Kd7 46. b4 Kc6 47. Kc3 Nb5+ 48. Kb3 Nd6 49. Ne7+ Kd7 50. Nd5 Bd3 51. Nc3 Kc6 52. Bd1 Nc4 53. Bc2 Bxc2+ 54. Kxc2 Nxe3+ 55. Kb3 Nxg4 56. b5+ Kc5 57. Ka4 Kb6 58. Nd5+ Kb7 59. Kb4 f5 60. exf5 gxf5 61. Kc5 f4 62. Nc3 f3 63. Ne4 f2 64. Nxf2 Nxf2 65. Kd5 e4 66. Kd4 Kb6 67. Ke3 Ng4+ 68. Kxe4 Kxb5 69. Kf5 Nh2 70. Kg6 Nf3 71. h5 Ne5+ 72. Kxh6 Kc5 73. Kg7 Ng4 74. Kg6 Kd5 75. Kg5 Ne5 76. Kf5 Nf7 77. Kf6 Ne5 78. Kg7 Ng4 79. Kg6 Ke6 80. Kg5 Nf6 81. Kg6 Nxh5 1/2-1/2


[Site "https://www.chess.com"]

[Event "Titled Tuesday Blitz August 1 Early 2023"]
[White "Kashtanov, Ruslan"]
[Black "Skvortsov, Andrei"]
[WhiteFideId "4124871"]
[BlackFideId "24108600"]
[WhiteElo "2479"]
[BlackElo "2726"]
[Result "0-1"]
[Round "5"]
[TimeControl "180+1"]
[Date "2023.08.01"]
[WhiteClock "0:00:00"]
[BlackClock "0:00:23"]
[Board "57"]

1. e4 d5 2. exd5 Qxd5 3. Nf3 Bg4 4. Be2 Nc6 5. d4 O-O-O 6. c4 Qd7 7. d5 Bxf3 8. Bxf3 Ne5 9. Bf4 Nxf3+ 10. Qxf3 e6 11. Nc3 exd5 12. cxd5 Re8+ 13. Be3 Nf6 14. O-O Qg4 15. Qxg4+ Nxg4 16. Bd4 a6 17. f3 Nh6 18. g4 f6 19. Rfe1 Bd6 20. Kg2 Nf7 21. Ne4 Be5 22. Rad1 Rd8 23. Bxe5 fxe5 24. d6 Nxd6 25. Ng5 Rde8 26. Rd5 h6 27. Ne4 Nf7 28. Rc1 Rd8 29. Rdc5 c6 30. h4 Kb8 31. R1c2 Rd5 32. R5c4 Rhd8 33. Kg3 g5 34. hxg5 hxg5 35. Nf6 Rd2 36. Ne4 Rd1 37. Rh2 R8d4 38. Rcc2 R1d3 39. Rhe2 Kc7 40. Nc5 Rd1 41. Ne6+ Kd6 42. Nxd4 exd4 43. Rcd2 Rxd2 44. Rxd2 c5 45. f4 Kd5 46. fxg5 Nxg5 47. Kf4 Ne4 48. Re2 Nd6 49. g5 d3 50. Rd2 c4 51. g6 Ne8 52. Kf5 b5 53. a3 a5 0-1


[Site "https://www.chess.com"]

[Event "Titled Tuesday Blitz August 1 Early 2023"]
[White "chessmateto"]
[Black "Zhao, Jun"]
[BlackFideId "8602522"]
[WhiteElo "2478"]
[BlackElo "2724"]
[Result "0-1"]
[Round "5"]
[TimeControl "180+1"]
[Date "2023.08.01"]
[WhiteClock "0:00:14"]
[BlackClock "0:00:11"]
[Board "58"]

1. c4 Nf6 2. Nc3 e6 3. Nf3 d5 4. e3 Be7 5. b3 O-O 6. Bb2 b6 7. Be2 Bb7 8. O-O Nbd7 9. Rc1 c5 10. cxd5 exd5 11. d4 Re8 12. Re1 a6 13. Rc2 Rc8 14. Qa1 c4 15. bxc4 dxc4 16. Rec1 b5 17. Rd1 Nb6 18. a3 Bd6 19. Rcd2 Nbd5 20. Nxd5 Bxd5 21. Bc3 Ne4 22. Rc2 Qe7 23. Bb4 Bxb4 24. axb4 Qxb4 25. Qxa6 Nc3 26. Rdc1 Ra8 27. Qb6 Nxe2+ 28. Rxe2 c3 29. Qc5 Qxc5 30. dxc5 b4 31. Nd4 Rec8 32. e4 Bc4 33. Re3 Rxc5 34. Nc2 b3 35. Rxc3 bxc2 36. R3xc2 Rcc8 37. f3 Be6 38. Kf2 Rxc2+ 39. Rxc2 Ra2 40. Rxa2 Bxa2 41. Ke3 f6 42. Kd4 Kf7 43. f4 Ke6 44. e5 f5 45. Ke3 Kd5 46. Kf3 Kd4 47. g4 Be6 48. gxf5 Bxf5 49. Kg3 Ke4 50. h3 g6 51. Kh4 Kxf4 52. e6 g5+ 53. Kh5 Bxe6 54. Kh6 Bxh3 0-1


[Site "https://www.chess.com"]

[Event "Titled Tuesday Blitz August 1 Early 2023"]
[White "Dimitrov, Atanas"]
[Black "Kuznetsov, Mikhail"]
[WhiteFideId "2901315"]
[BlackFideId "4117190"]
[WhiteElo "2723"]
[BlackElo "2466"]
[Result "0-1"]
[Round "5"]
[TimeControl "180+1"]
[Date "2023.08.01"]
[WhiteClock "0:00:05"]
[BlackClock "0:00:04"]
[Board "59"]

1. Nf3 Nf6 2. c4 g6 3. g3 Bg7 4. Bg2 O-O 5. O-O d5 6. cxd5 Nxd5 7. Nc3 Nb6 8. b3 Nc6 9. Bb2 e5 10. d3 Nd4 11. Rc1 Nxf3+ 12. Bxf3 c6 13. Qc2 Bh3 14. Rfd1 Qe7 15. Ne4 Rfd8 16. Nc5 Nd5 17. a3 h5 18. b4 Bg4 19. Bg2 h4 20. Qd2 h3 21. Bh1 Kh7 22. Rc2 Bh6 23. Qe1 Bg7 24. e3 Rac8 25. d4 Bxd1 26. Qxd1 exd4 27. Bxd4 Bxd4 28. exd4 Nf6 29. Re2 Qd6 30. Nb3 b6 31. Qf1 Nd5 32. Qxh3+ Kg7 33. Qg4 Nc3 34. Re1 Re8 35. Ra1 Nb5 36. Bg2 Nc3 37. Bf1 f5 38. Qf3 Ne2+ 39. Bxe2 Qd5 40. Qxd5 cxd5 41. Bf1 Rc3 42. Nd2 g5 43. a4 g4 44. a5 Rc2 45. Nb3 Rc3 46. axb6 axb6 47. Nd2 Rc2 48. Ra7+ Kf6 49. Nb3 Rc3 50. Na1 Rc1 51. Ra6 Ree1 52. Rxb6+ Kg5 53. Nb3 Rxf1+ 54. Kg2 Rg1# 0-1


[Site "https://www.chess.com"]

[Event "Titled Tuesday Blitz August 1 Early 2023"]
[White "Fiorito, Joaquin"]
[Black "EsmeraldasAnderson03"]
[WhiteFideId "180173"]
[WhiteElo "2722"]
[BlackElo "2438"]
[Result "1-0"]
[Round "5"]
[TimeControl "180+1"]
[Date "2023.08.01"]
[WhiteClock "0:01:39"]
[BlackClock "0:00:07"]
[Board "60"]

1. d4 d5 2. Nc3 Nf6 3. Bf4 a6 4. e3 b5 5. h4 e6 6. g4 b4 7. Nce2 Nxg4 8. Ng3 Nf6 9. h5 h6 10. Qd2 Nbd7 11. Nf3 Bb7 12. Bh3 c5 13. O-O cxd4 14. exd4 Be7 15. Rae1 Ne4 16. Qe3 Rc8 17. Nd2 Rxc2 18. Ngxe4 dxe4 19. Nxe4 Nb6 20. Qg3 Nd5 21. Be5 Bf6 22. Nd6+ Kf8 23. Nxb7 Qa8 24. Nc5 Bxe5 25. Rxe5 g6 26. Bg2 gxh5 27. Bxd5 exd5 28. Nd7# 1-0


[Site "https://www.chess.com"]

[Event "Titled Tuesday Blitz August 1 Early 2023"]
[White "Alamzhi21"]
[Black "Al Mukhaini, Shima"]
[BlackFideId "22005854"]
[WhiteElo "2720"]
[BlackElo "2419"]
[Result "0-1"]
[Round "5"]
[TimeControl "180+1"]
[Date "2023.08.01"]
[WhiteClock "0:00:13"]
[BlackClock "0:01:14"]
[Board "61"]

1. d4 Nf6 2. Bf4 d5 3. e3 Bf5 4. c4 c6 5. Nc3 e6 6. Qb3 Qb6 7. c5 Qxb3 8. axb3 Nbd7 9. h3 a6 10. b4 O-O-O 11. Rxa6 e5 12. Ra8+ Kc7 13. Rxd8 Kxd8 14. dxe5 Ne4 15. g4 Bg6 16. f3 Nxc3 17. bxc3 b6 18. cxb6 Nxb6 19. Ne2 Be7 20. Nd4 Kd7 21. h4 h5 22. g5 Ra8 23. Bh3+ Kc7 24. O-O Kb7 25. Bd7 Nxd7 26. e6 fxe6 27. Nxe6 Bf8 28. Rd1 Bf5 29. Nd4 g6 30. Nxf5 gxf5 31. e4 fxe4 32. fxe4 Nb6 33. e5 Re8 34. Rf1 Bg7 35. Be3 Bxe5 36. Rf7+ Bc7 37. Bf4 Na8 38. g6 Re6 39. g7 Rg6+ 40. Kf2 Kb6 41. Bh6 Be5 42. Rf8 Bxg7 43. Bxg7 Rxg7 44. Rxa8 Rg4 45. Rh8 Rxh4 46. Ke3 Kb5 47. Rh6 Rc4 48. Kd3 h4 49. Kd2 Rg4 50. Kc2 d4 51. cxd4 Rxd4 52. Kc3 Rxb4 53. Rh8 Rg4 54. Rb8+ Kc5 55. Rh8 Rg3+ 56. Kd2 h3 57. Rg8 Rxg8 0-1


[Site "https://www.chess.com"]

[Event "Titled Tuesday Blitz August 1 Early 2023"]
[White "Li, Eric"]
[Black "Papasimakopoulos, Alexandros"]
[WhiteFideId "30939941"]
[BlackFideId "4244125"]
[WhiteElo "2393"]
[BlackElo "2720"]
[Result "0-1"]
[Round "5"]
[TimeControl "180+1"]
[Date "2023.08.01"]
[WhiteClock "0:00:03"]
[BlackClock "0:01:14"]
[Board "62"]

1. e4 e6 2. d4 d5 3. Nd2 Nf6 4. e5 Nfd7 5. Bd3 c5 6. c3 b5 7. f4 b4 8. Ngf3 bxc3 9. bxc3 Ba6 10. Bxa6 Nxa6 11. O-O g6 12. Qe2 Qc8 13. Ba3 Nc7 14. Rab1 a6 15. c4 cxd4 16. Bxf8 Kxf8 17. Rfc1 Qd8 18. Nxd4 Rb8 19. Nc6 Rxb1 20. Rxb1 Qa8 21. cxd5 Nxd5 22. Qc4 N7b6 23. Qc5+ Kg7 24. Rxb6 Rc8 25. Rb8 Rxb8 26. Nxb8 Qxb8 27. Nb3 Nxf4 28. Qd6 Qa7+ 29. Nc5 Nd3 0-1


[Site "https://www.chess.com"]

[Event "Titled Tuesday Blitz August 1 Early 2023"]
[White "Jahnz, Fabian"]
[Black "Panesar Vedant"]
[WhiteFideId "4653300"]
[BlackFideId "35033018"]
[WhiteElo "2309"]
[BlackElo "2717"]
[Result "1-0"]
[Round "5"]
[TimeControl "180+1"]
[Date "2023.08.01"]
[WhiteClock "0:00:01"]
[BlackClock "0:00:08"]
[Board "63"]

1. e4 e5 2. d4 exd4 3. Qxd4 Nc6 4. Qe3 Nf6 5. Nc3 Bb4 6. Bd2 O-O 7. O-O-O Re8 8. Qf4 Bxc3 9. Bxc3 Rxe4 10. Qg3 d5 11. Bd3 Re6 12. h4 Rd6 13. h5 d4 14. h6 g6 15. Bd2 Nd5 16. a3 Nce7 17. Nf3 c5 18. Nh4 Nc6 19. f4 Nb6 20. f5 c4 21. fxg6 fxg6 22. Bxg6 hxg6 23. h7+ Kg7 24. h8=Q+ Qxh8 25. Qxd6 Qe8 26. Nf3 Qe6 27. Bh6+ Kg8 28. Qg3 Qg4 29. Qc7 Qd7 30. Qf4 Qf5 31. Qxf5 Bxf5 32. Nxd4 Nxd4 33. Rxd4 Re8 34. Rhd1 Re2 35. Rd8+ Kf7 36. Rf8+ Ke7 37. Rd2 Re1+ 38. Rd1 Re2 39. Rd2 Re1+ 40. Rd1 Re6 41. Rfd8 Be4 42. Bg5+ Kf7 43. Rf1+ Kg7 44. Rdf8 Bf5 45. Rb8 Re2 46. Rxb7+ Kg8 47. Kd1 Rxg2 48. Rxa7 Rxg5 49. a4 Nd5 50. Re1 Rg2 51. Re8# 1-0


[Site "https://www.chess.com"]

[Event "Titled Tuesday Blitz August 1 Early 2023"]
[White "Nosacheva, Mariya"]
[Black "Jones, Gawain C B"]
[WhiteFideId "34111422"]
[BlackFideId "409561"]
[WhiteElo "2388"]
[BlackElo "2902"]
[Result "0-1"]
[Round "5"]
[TimeControl "180+1"]
[Date "2023.08.01"]
[WhiteClock "0:00:12"]
[BlackClock "0:00:20"]
[Board "64"]

1. e4 e5 2. Nf3 Nc6 3. Bb5 a6 4. Ba4 Nf6 5. O-O d6 6. Re1 Bd7 7. c3 g6 8. h3 Bg7 9. d4 O-O 10. Nbd2 exd4 11. cxd4 Nb4 12. Nf1 Bxa4 13. Qxa4 Nd3 14. Re2 Re8 15. Bg5 h6 16. Qb3 hxg5 17. Qxd3 g4 18. hxg4 Nxg4 19. Ng3 c5 20. Rd1 cxd4 21. Nxd4 d5 22. Qf3 Ne5 23. Qb3 Nc6 24. Nxc6 bxc6 25. exd5 Rxe2 26. Nxe2 cxd5 27. Rxd5 Qe8 28. Nc3 Qe1+ 29. Kh2 Be5+ 30. Rxe5 Qxe5+ 31. g3 Rd8 32. Qb6 Rd2 33. Kg2 Kg7 34. a4 a5 35. Kg1 Qd4 36. Qxd4+ Rxd4 37. Kf1 Rb4 38. Ke2 Rxb2+ 39. Ke3 Rc2 40. Ne4 Rc4 41. Nd6 Rxa4 42. Ne8+ Kf8 43. Nc7 Rc4 44. Nb5 a4 45. Kd3 Rb4 46. Nd6 a3 47. Kc3 a2 0-1


[Site "https://www.chess.com"]

[Event "Titled Tuesday Blitz August 1 Early 2023"]
[White "Galchenko, Matvey"]
[Black "Cnejev, Vladimir-Alexandru"]
[WhiteFideId "24175480"]
[BlackFideId "1260898"]
[WhiteElo "2882"]
[BlackElo "2576"]
[Result "1-0"]
[Round "5"]
[TimeControl "180+1"]
[Date "2023.08.01"]
[WhiteClock "0:00:08"]
[BlackClock "0:00:04"]
[Board "65"]

1. f4 b6 2. Nf3 Bb7 3. g3 g6 4. Bg2 Bg7 5. O-O f5 6. d3 Nf6 7. Nc3 O-O 8. e4 fxe4 9. Ng5 h6 10. Ngxe4 Nc6 11. Nxf6+ Bxf6 12. Qg4 Kh7 13. f5 g5 14. Qh5 Qe8 15. Qd1 e6 16. fxe6 Bd4+ 17. Kh1 Qxe6 18. Re1 Qf7 19. Nd5 Ne5 20. c4 c6 21. Be3 Bxb2 22. Rb1 cxd5 23. Rxb2 Rae8 24. Rf2 Qe6 25. Rxf8 Rxf8 26. Bg1 Qf6 27. cxd5 d6 28. d4 Ng6 29. Qd3 Qf5 30. Qc4 Rf7 31. a3 h5 32. Qe2 Kh6 33. Be3 Bxd5 34. h4 Bxg2+ 35. Kxg2 Kh7 36. Bxg5 Qg4 37. Qxg4 hxg4 38. Re4 Rf5 39. Rxg4 Rd5 40. Re4 Ra5 41. Bc1 Ra4 42. g4 Nxh4+ 43. Kg3 Ng6 44. g5 Kg7 45. Kg4 Kf7 46. Kf5 Ne7+ 47. Kg4 Nc6 48. Rf4+ Ke7 49. d5 Ne5+ 50. Kf5 Rxf4+ 51. Bxf4 Kf7 52. Bxe5 dxe5 53. g6+ Kg7 54. d6 e4 55. d7 e3 56. d8=Q 1-0


[Site "https://www.chess.com"]

[Event "Titled Tuesday Blitz August 1 Early 2023"]
[White "Sadykov, Ramil"]
[Black "Sosa, Tomas"]
[WhiteFideId "24113590"]
[BlackFideId "121576"]
[WhiteElo "2575"]
[BlackElo "2822"]
[Result "0-1"]
[Round "5"]
[TimeControl "180+1"]
[Date "2023.08.01"]
[WhiteClock "0:00:04"]
[BlackClock "0:00:13"]
[Board "66"]

1. e4 c6 2. d4 d5 3. e5 Bf5 4. Nc3 e6 5. g4 Bg6 6. Nge2 h5 7. Nf4 Ne7 8. Nxg6 Nxg6 9. gxh5 Nh4 10. Bd3 c5 11. dxc5 Nc6 12. Qg4 Be7 13. Bf4 d4 14. Ne4 Qd5 15. Ke2 Nf5 16. Nd6+ Bxd6 17. exd6 O-O-O 18. b4 Nxb4 19. Rab1 Qxc5 20. Rhc1 Nxd6 21. Bd2 Nc6 22. c3 Qxh5 23. Qxh5 Rxh5 24. cxd4 Kd7 25. Be3 Rxh2 26. Rg1 g6 27. Rbc1 Rdh8 28. Rg5 R8h5 29. Rcg1 Rxg5 30. Rxg5 Rh4 31. d5 Nd4+ 32. Kf1 N6f5 33. dxe6+ Kxe6 34. Bxd4 Nxd4 35. Kg2 Nc6 36. Rb5 Rb4 37. Rc5 Rb2 38. a3 Ne5 39. Be4 b6 40. Rc7 f5 41. Ba8 a5 42. Kg3 Rb3+ 43. Kh4 Kf6 44. f4 Nf7 45. Rc6+ Kg7 46. Rc7 Rd3 47. Bc6 Kf8 48. Bb5 Rxa3 49. Bc4 g5+ 50. fxg5 Ne5 51. Bd5 Ng6+ 52. Kh5 Nf4+ 53. Kh6 Nxd5 54. g6 Rh3+ 55. Kg5 Rg3+ 56. Kh6 Ne7 57. Rd7 Rxg6+ 58. Kh5 Re6 59. Rd8+ Kf7 60. Rd7 a4 61. Ra7 b5 62. Rb7 Re5 63. Kg5 a3 64. Kf4 Re4+ 65. Kg5 a2 66. Ra7 Ra4 67. Rc7 a1=Q 68. Rc2 Qf6+ 69. Kh5 Rh4# 0-1


[Site "https://www.chess.com"]

[Event "Titled Tuesday Blitz August 1 Early 2023"]
[White "Pichot, Alan"]
[Black "Mendez Fortes, Eduardo Jesus"]
[WhiteFideId "110973"]
[BlackFideId "3502376"]
[WhiteElo "2815"]
[BlackElo "2563"]
[Result "1-0"]
[Round "5"]
[TimeControl "180+1"]
[Date "2023.08.01"]
[WhiteClock "0:00:33"]
[BlackClock "0:00:02"]
[Board "67"]

1. c4 e6 2. g3 Nf6 3. Bg2 d5 4. Nf3 dxc4 5. O-O a6 6. a4 Nc6 7. a5 Bd6 8. Qa4 O-O 9. Qxc4 e5 10. d3 h6 11. Nc3 Be6 12. Qa4 Re8 13. Ne4 Nxe4 14. dxe4 Qe7 15. Be3 Na7 16. Nh4 Nb5 17. Nf5 Qf8 18. Rac1 Bb4 19. Rfd1 c6 20. Bb6 g6 21. Ne3 Be7 22. Nc4 Bxc4 23. Qxc4 Bd8 24. Rd7 Bxb6 25. axb6 Re7 26. Rcd1 Nd4 27. Rxe7 Qxe7 28. e3 Ne6 29. f4 Rd8 30. Rf1 Qc5 31. Qb3 exf4 32. gxf4 Qb5 33. Qc3 Qxb6 34. f5 Ng7 35. fxg6 fxg6 36. Qf6 Qxe3+ 37. Kh1 Qd4 38. Qxg6 Rf8 39. Rg1 Qf6 40. Qg4 Qe6 41. Qh4 Kh8 42. Bh3 Qf6 43. Qg3 Nh5 44. Qc7 Nf4 45. Rf1 Qg7 46. Qd6 Qf6 47. e5 Qxd6 48. exd6 Kg7 49. d7 Nxh3 50. Rxf8 Nf2+ 1-0


[Site "https://www.chess.com"]

[Event "Titled Tuesday Blitz August 1 Early 2023"]
[White "Chor, Kevin"]
[Black "Nazari, Arad"]
[WhiteFideId "2090740"]
[BlackFideId "12577324"]
[WhiteElo "2548"]
[BlackElo "2788"]
[Result "0-1"]
[Round "5"]
[TimeControl "180+1"]
[Date "2023.08.01"]
[WhiteClock "0:00:02"]
[BlackClock "0:01:28"]
[Board "68"]

1. e4 e6 2. d4 d5 3. Nd2 Be7 4. e5 c5 5. c3 Nc6 6. Bd3 f6 7. Qh5+ Kf8 8. Ngf3 Qe8 9. Qh3 f5 10. Qg3 Qg6 11. O-O Nh6 12. dxc5 Qxg3 13. fxg3 Bxc5+ 14. Kh1 Ng4 15. Bb5 Ngxe5 16. Nb3 Bb6 17. Bf4 Nxf3 18. gxf3 Bd7 19. Rae1 a6 20. Bxc6 bxc6 21. Bd6+ Kf7 22. Nc5 Rhd8 23. f4 Bc8 24. Na4 Rxd6 25. Nxb6 Rb8 26. Nxc8 Rxc8 27. Rf2 c5 28. Rd2 Rb6 29. b3 a5 30. Kg2 c4 31. bxc4 Rxc4 32. Re3 Rb1 33. Rc2 a4 34. h3 a3 35. Kf3 Rb2 0-1


[Site "https://www.chess.com"]

[Event "Titled Tuesday Blitz August 1 Early 2023"]
[White "Dinosaurio_1975"]
[Black "Bauman_Guy"]
[WhiteElo "2557"]
[BlackElo "2779"]
[Result "0-1"]
[Round "5"]
[TimeControl "180+1"]
[Date "2023.08.01"]
[WhiteClock "0:00:17"]
[BlackClock "0:01:10"]
[Board "69"]

1. e4 c5 2. Nf3 d6 3. Bb5+ Nd7 4. c3 a6 5. Ba4 g6 6. O-O Bg7 7. d4 b5 8. Bc2 e5 9. d5 Ngf6 10. Re1 O-O 11. h3 Bb7 12. Be3 Nh5 13. Nfd2 Nf4 14. c4 f5 15. exf5 gxf5 16. Bxf4 exf4 17. Nc3 b4 18. Ne2 Bxb2 19. Nxf4 Bxa1 20. Qxa1 Qf6 21. Qd1 Rfe8 22. Re6 Rxe6 23. dxe6 Nf8 24. Qh5 Nxe6 25. Bxf5 Nxf4 26. Qxh7+ Kf8 27. Qxb7 Re8 28. Qh7 Re7 29. Ne4 Qa1+ 30. Kh2 Rxh7 0-1


[Site "https://www.chess.com"]

[Event "Titled Tuesday Blitz August 1 Early 2023"]
[White "Basso, Pier Luigi"]
[Black "Vlassov, Nikolai"]
[WhiteFideId "866970"]
[BlackFideId "4103360"]
[WhiteElo "2778"]
[BlackElo "2544"]
[Result "1-0"]
[Round "5"]
[TimeControl "180+1"]
[Date "2023.08.01"]
[WhiteClock "0:01:25"]
[BlackClock "0:00:35"]
[Board "70"]

1. e4 Nc6 2. Nc3 Nf6 3. d4 d5 4. e5 Nd7 5. f4 Nb6 6. Nf3 Bg4 7. Be2 Qd7 8. O-O e6 9. a4 a6 10. b3 Ne7 11. a5 Nbc8 12. Be3 Nf5 13. Bf2 h5 14. Ne1 Bxe2 15. Nxe2 Be7 16. Nd3 Na7 17. Qd2 g6 18. Ng3 Bh4 19. Nc5 Qc6 20. Nxf5 Bxf2+ 21. Qxf2 gxf5 22. c4 Nc8 23. Rfc1 Ne7 24. Qh4 b6 25. axb6 cxb6 26. Nxa6 Kf8 27. Qf6 Rh7 28. Nb4 Qb7 29. Rxa8+ Qxa8 30. cxd5 Qa3 31. Nd3 Qxb3 32. d6 1-0


[Site "https://www.chess.com"]

[Event "Titled Tuesday Blitz August 1 Early 2023"]
[White "Rahman, Masruri"]
[Black "Aggelis, Nikolaos"]
[WhiteFideId "7101163"]
[BlackFideId "4213220"]
[WhiteElo "2775"]
[BlackElo "2540"]
[Result "1-0"]
[Round "5"]
[TimeControl "180+1"]
[Date "2023.08.01"]
[WhiteClock "0:00:05"]
[BlackClock "0:00:00"]
[Board "71"]

1. d4 f5 2. e4 fxe4 3. Nc3 Nf6 4. Bg5 e6 5. Nxe4 Be7 6. Bxf6 Bxf6 7. Nf3 O-O 8. Bd3 Nc6 9. c3 d5 10. Nxf6+ Qxf6 11. Qe2 Re8 12. Ne5 Nxe5 13. dxe5 Qh6 14. O-O Rf8 15. f4 Bd7 16. Qe3 b6 17. Rf3 g6 18. Raf1 Rf7 19. Rh3 Qf8 20. Rg3 Qc5 21. Qxc5 bxc5 22. b3 a5 23. h4 Rg7 24. c4 d4 25. Be4 Rb8 26. a4 Bc8 27. Kf2 Bb7 28. Bc2 Rf8 29. Ke2 Rgf7 30. Rg4 Kh8 31. g3 Bc6 32. Rf2 Rg7 33. Rh2 Kg8 34. h5 gxh5 35. Rxg7+ Kxg7 36. Rxh5 h6 37. Rh4 Be8 38. Rg4+ Kh8 39. Rh4 Kg7 40. Be4 Rg8 41. Kf3 Bg6 42. Rg4 Kf7 43. Bxg6+ Rxg6 44. Rh4 Kg7 45. Rh2 Kh7 46. g4 Kg7 47. f5 Rg5 48. Kf4 Kh7 49. fxe6 Kg7 50. e7 Kf7 51. Rxh6 Rg8 52. Rh7+ Ke8 53. Kf5 c6 54. Ke6 Rg6+ 55. Kf5 Rg8 56. g5 d3 57. Rh3 d2 58. Rd3 Kxe7 59. Rxd2 Rf8+ 60. Ke4 Rb8 61. Rd3 Kf7 62. Rf3+ Kg6 63. Rf6+ Kxg5 64. Rxc6 Rxb3 65. Rxc5 Rb4 66. Rxa5 Rxc4+ 67. Kd5 Rc1 68. Kd6 Kg6 69. e6 Kf6 70. e7 Re1 71. Ra7 Kf7 72. Kc5 Ke8 73. a5 Rc1+ 74. Kb5 Rb1+ 75. Ka6 Rb2 76. Rb7 Ra2 77. Kb6 Rb2+ 78. Ka7 Ra2 79. a6 Ra1 80. Kb6 Rb1+ 81. Kc7 Rc1+ 82. Kb8 Ra1 83. a7 1-0


[Site "https://www.chess.com"]

[Event "Titled Tuesday Blitz August 1 Early 2023"]
[White "Fantastic_Power"]
[Black "Thecourseoisildur"]
[WhiteElo "2744"]
[BlackElo "2539"]
[Result "1-0"]
[Round "5"]
[TimeControl "180+1"]
[Date "2023.08.01"]
[WhiteClock "0:00:11"]
[BlackClock "0:00:06"]
[Board "72"]

1. e4 c5 2. Nf3 d6 3. Nc3 Nf6 4. d4 cxd4 5. Nxd4 a6 6. Be3 e5 7. Nb3 h5 8. Qd2 Be6 9. O-O-O Nbd7 10. f4 Rc8 11. f5 Bxb3 12. axb3 Qa5 13. Kb1 Rxc3 14. Qxc3 Qxc3 15. bxc3 Nxe4 16. Kb2 Be7 17. Bc4 Ndf6 18. Rhe1 O-O 19. Bd5 Nxd5 20. Rxd5 Nf6 21. Rdd1 Rc8 22. c4 g6 23. fxg6 fxg6 24. Bg5 Kf7 25. Rf1 Ke6 26. Bxf6 Bxf6 27. Rxd6+ Kxd6 28. Rxf6+ Kc5 29. Kc3 Rc6 30. Rf7 Kb6 31. b4 Re6 32. Kd3 e4+ 33. Ke3 Kc6 34. Rf4 b6 35. Rxe4 Rxe4+ 36. Kxe4 a5 37. c3 a4 38. Kd3 Kd6 39. Kc2 Ke5 40. h4 Ke4 41. Kb2 Kf4 42. Ka3 g5 43. Kxa4 gxh4 44. c5 bxc5 45. bxc5 Kg3 46. c6 Kxg2 47. c7 h3 48. c8=Q h2 49. Qc6+ Kg1 50. Qg6+ Kh1 51. Qxh5 Kg1 52. Qxh2+ Kxh2 53. c4 Kg3 54. c5 Kf4 55. c6 Ke5 56. c7 Kd6 57. c8=Q Ke5 58. Qc4 Kf6 59. Qd5 Kg7 60. Qe6 Kh8 61. Qe7 1-0


[Site "https://www.chess.com"]

[Event "Titled Tuesday Blitz August 1 Early 2023"]
[White "carokannlover213"]
[Black "Ismagilov, Damir"]
[BlackFideId "34199982"]
[WhiteElo "2739"]
[BlackElo "2538"]
[Result "1-0"]
[Round "5"]
[TimeControl "180+1"]
[Date "2023.08.01"]
[WhiteClock "0:00:06"]
[BlackClock "0:00:02"]
[Board "73"]

1. e4 c5 2. Nf3 d6 3. Bb5+ Nd7 4. a4 Nf6 5. Nc3 g6 6. O-O Bg7 7. a5 a6 8. Be2 b5 9. axb6 O-O 10. d3 Bb7 11. Qd2 Nxb6 12. Qg5 a5 13. Qh4 Nfd7 14. Bh6 e6 15. Ng5 Qf6 16. f4 Bxh6 17. Qxh6 Qg7 18. Qh3 h6 19. Nf3 f5 20. Nd2 a4 21. Ra3 d5 22. e5 d4 23. Nb5 g5 24. Nc7 Nd5 25. Nxe6 Nxf4 26. Rxf4 Qxe5 27. Nxf8 gxf4 28. Nxd7 Qxe2 29. Nf1 f3 30. Qg3+ Kh8 31. Qf2 Rg8 32. g3 Qe7 33. Nb6 f4 34. Ra1 h5 35. Re1 Qc7 36. Re6 Kh7 37. Nc4 Qf7 38. Re5 h4 39. Re4 fxg3 40. hxg3 hxg3 41. Nxg3 Qg6 42. Qh2+ Kg7 43. Kf2 Rh8 44. Qg1 Bc8 45. Re5 Bg4 46. Nf5+ Bxf5 47. Rxf5 Qxg1+ 48. Kxg1 Kg6 49. Rxf3 Re8 50. Rg3+ Kf5 51. Kf2 Kf4 52. Rf3+ Kg4 53. Rf7 Rh8 54. Rg7+ Kf4 55. Rg2 Rb8 56. Ke2 Re8+ 57. Kd2 Kf3 58. Rh2 Rg8 59. Rh1 Rg2+ 60. Kc1 Ke2 61. Rd1 Rh2 62. Rd2+ Ke1 63. Rxh2 1-0


[Site "https://www.chess.com"]

[Event "Titled Tuesday Blitz August 1 Early 2023"]
[White "Toropov, Pavel"]
[Black "Suyarov, Mukhammadzokhid"]
[WhiteFideId "24129178"]
[BlackFideId "14210495"]
[WhiteElo "2536"]
[BlackElo "2723"]
[Result "0-1"]
[Round "5"]
[TimeControl "180+1"]
[Date "2023.08.01"]
[WhiteClock "0:00:06"]
[BlackClock "0:00:47"]
[Board "74"]

1. e4 e6 2. d4 d5 3. exd5 exd5 4. Bd3 Nc6 5. c3 Bd6 6. h3 Nge7 7. Ne2 O-O 8. Bf4 Bf5 9. O-O Re8 10. Qc2 Bxd3 11. Qxd3 Ng6 12. Bxd6 Qxd6 13. Nd2 Re6 14. Nf3 Rae8 15. Ng3 Nf4 16. Qd2 Ne2+ 17. Nxe2 Rxe2 18. Qc1 Qg6 19. Re1 h6 20. Qb1 Kf8 21. Qxg6 fxg6 22. Ne5 Rxb2 23. Nxg6+ Kf7 24. Nf4 Rxe1+ 25. Rxe1 Ne7 26. a4 c6 27. Nd3 Ra2 28. Ne5+ Kf8 29. Nd7+ Ke8 30. Nc5 b6 31. Ne6 g5 32. f4 gxf4 33. Nxf4 Kd7 34. Re6 Ra1+ 35. Kh2 Rf1 36. Nd3 Kxe6 37. Kg3 Nf5+ 0-1


[Site "https://www.chess.com"]

[Event "Titled Tuesday Blitz August 1 Early 2023"]
[White "Ibadov, Dashgyn"]
[Black "Klukin, Kirill"]
[WhiteFideId "24107514"]
[BlackFideId "24199273"]
[WhiteElo "2532"]
[BlackElo "2710"]
[Result "1-0"]
[Round "5"]
[TimeControl "180+1"]
[Date "2023.08.01"]
[WhiteClock "0:00:08"]
[BlackClock "0:00:02"]
[Board "75"]

1. e4 c5 2. Nf3 Nc6 3. Bb5 g6 4. O-O Bg7 5. c3 Nf6 6. Re1 O-O 7. d4 d5 8. e5 Ne4 9. Bxc6 bxc6 10. Be3 Qb6 11. Qc1 Rb8 12. b3 cxd4 13. cxd4 f6 14. e6 Bxe6 15. Nc3 f5 16. Bf4 Rbc8 17. Na4 Qa5 18. Be5 Bf6 19. Nc5 Bf7 20. Qh6 Bxe5 21. Nxe5 Qd2 22. Qxd2 Nxd2 23. f3 Rfd8 24. Rad1 Ne4 25. fxe4 dxe4 26. Kf2 Kg7 27. Ke3 Rd5 28. b4 Kf6 29. Rc1 Be8 30. Nb3 Rd6 31. Rc5 Rb8 32. a3 g5 33. Rec1 Bg6 34. g3 Rb6 35. Rxc6 Rbxc6 36. Rxc6 Rxc6 37. Nxc6 a6 38. a4 Be8 39. b5 axb5 40. axb5 Ke6 41. Nc5+ Kd6 42. Na7 e5 43. b6 Bg6 44. b7 Kc7 45. Nb5+ Kb8 46. Nd6 f4+ 47. Ke2 Bh5+ 48. Kf2 exd4 49. Na6+ Ka7 50. b8=Q+ 1-0


[Site "https://www.chess.com"]